 Dungeon Sprint DCSS version 0.17-a0-1711-gc5340a3 (webtiles) character file.

4800000 ztt the Intangible (level 23, -26/284 HPs)
             Began as an Ogre Gladiator on Aug 22, 2015.
             Was the Champion of Makhleb.
             Annihilated by a sculptor of flesh
             ... wielding a +9 great sword
              (109 damage)
             ... in the Dungeon (Sprint VIII: "Arena of Blood").
             The game lasted 00:01:39 (48 turns).

ztt the Intangible (Ogre Gladiator)                   Turns: 48, Time: 00:01:40

Health: -26/284    AC:  5    Str: 33    XL:     23   Next: 6%
Magic:  24/54      EV: 21    Int:  7    God:    Makhleb [******]
Gold:   0          SH:  0    Dex: 10    Spells: 0 memorised, 76 levels left

rFire  . . .     SeeInvis .     l - +∞ Axe of Woe
rCold  . . .     Clarity  .     b - +0 robe
rNeg   . . .     SustAt   .     (no shield)
rPois  .         Gourm    .     c - +0 hat
rElec  .         Spirit   .     (no cloak)
rCorr  .         Warding  .     (gloves unavailable)
rMut   .         NoTele   +     (boots unavailable)
MR     ++...                    (no amulet)
Stlth  ++++++....               o - +30 ring of slaying
                                m - +30 ring of slaying

@: very resistant to hostile enchantments, very stealthy
A: unfitting armour, tough skin 1
a: Minor Destruction, Lesser Servant of Makhleb, Major Destruction, Greater
Servant of Makhleb, Renounce Religion


You were in the Dungeon.
You worshipped Makhleb.
Makhleb was exalted by your worship.
You were not hungry.

You visited 1 branch

Inventory:

Hand weapons
 a - a +0 war axe
 l - the +∞ Axe of Woe (weapon)
   (You found it in the Dungeon)
 n - a +9 battleaxe
Missiles
 d - 3 throwing nets (quivered)
Armour
 b - a +0 robe (worn)
 c - a +0 hat (worn)
Jewellery
 m - a +30 ring of slaying (left hand)
 o - a +30 ring of slaying (right hand)
Scrolls
 k - a scroll of blinking
Potions
 f - a potion of curing
 g - a potion of heal wounds
 h - a potion of haste
 i - 2 potions of magic
 j - a potion of berserk rage
Comestibles
 e - a bread ration


   Skills:
 O Level 27 Fighting
 O Level 27 Axes
 O Level 27 Throwing
 + Level 22.3 Armour
 O Level 27 Dodging
 O Level 27 Stealth
 + Level 23.9 Unarmed Combat
 O Level 27 Spellcasting
 O Level 27 Invocations


You had 76 spell levels left.
You didn't know any spells.

Dungeon Overview and Level Annotations

Branches:
Dungeon (1/1)

Altars:
Makhleb


Innate Abilities, Weirdness & Mutations

You are too large for most types of armour.
You have tough skin (AC +1).


Message History

Makhleb accepts your kill.
You feel better.
You cut the bag of meat into ribbons!!!
You butcher the bag of meat messily.
You kill the bag of meat!
Makhleb accepts your kill.
You feel better.
You slice the crawling corpse!!
You chop the crawling corpse into pieces.
You destroy the crawling corpse!
You hear a shout! x4
The eight-headed meat hydra calls on the powers of darkness!
The eight-headed meat hydra convulses!
Your body is wracked with pain!
* * * LOW HITPOINT WARNING * * *
The bag of meat convulses!
You hear a shout! 2 orcs come into view.
Unknown command.
A bag of meat comes into view. It is wielding a +9 war axe.
You hear a shout! x5
The sculptor of flesh hits you with a +9 great sword!!!!
You die...

o.... .... oo...##
##..... ....V..
.......
...O....#.#.....
.................
.......oV§.......
#........z..%....
.......)@)......
.§..%..))x.D....
o.#..§§§§.#.... .
#..§§§§.# ...
...###.§§§...###..
.......%###....%.
#...O...)_)......
......#.§O..#.%...
......#§§<._#..%..


You could see an eight-headed meat hydra, 2 destroyers, a sculptor of flesh, 2
meat berserkers and 5 bags of meat.

Vanquished Creatures
  10 ogres (D)
  A hydra (D)
  24 orcs (D)
  3 hill giants (D)
  2 skeletal warriors (D)
  2 large abominations (D)
  A small abomination (D)
  3 crawling corpses (D)
46 creatures vanquished.

Vanquished Creatures (others)
  2 orcs (D)
  A small abomination (D)
  A crawling corpse (D)
4 creatures vanquished.

Grand Total: 50 creatures vanquished

Notes
Turn   | Place    | Note
--------------------------------------------------------------
     0 | D        | ztt the Ogre Gladiator began the quest for the Orb.
     0 | D        | Reached XP level 1. HP: 22/22 MP: 1/1
     3 | D        | Noticed a meat berserker
     4 | D        | Killed a meat berserker
     4 | D        | Reached skill level 14 in Fighting
     4 | D        | Reached skill level 16 in Dodging
     4 | D        | Reached XP level 2. HP: 26/55 MP: 2/2
     4 | D        | Reached XP level 3. HP: 29/63 MP: 3/3
     4 | D        | Reached XP level 4. HP: 33/72 MP: 4/4
     4 | D        | Reached XP level 5. HP: 36/80 MP: 5/5
     4 | D        | Reached XP level 6. HP: 40/89 MP: 6/6
     4 | D        | Reached XP level 7. HP: 43/97 MP: 7/7
     4 | D        | Reached XP level 8. HP: 46/106 MP: 8/8
     4 | D        | Reached XP level 9. HP: 49/114 MP: 9/9
     4 | D        | Reached XP level 10. HP: 52/123 MP: 10/10
     4 | D        | Reached XP level 11. HP: 55/131 MP: 11/11
     4 | D        | Reached XP level 12. HP: 58/140 MP: 12/12
     4 | D        | Reached XP level 13. HP: 61/148 MP: 13/13
     5 | D        | Became a worshipper of Makhleb the Destroyer
     8 | D        | Noticed a bag of meat
    11 | D        | Noticed a meat berserker
    11 | D        | Noticed a bag of meat
    11 | D        | Noticed a bag of meat
    12 | D        | Killed a bag of meat
    12 | D        | Reached skill level 15 in Fighting
    12 | D        | Reached skill level 18 in Dodging
    12 | D        | Reached skill level 15 in Stealth
    12 | D        | Reached XP level 14. HP: 66/161 MP: 14/14
    13 | D        | Noticed a meat berserker
    13 | D        | Killed a meat berserker
    13 | D        | Acquired Makhleb's first power
    13 | D        | Reached skill level 20 in Dodging
    13 | D        | Reached XP level 15. HP: 70/175 MP: 15/15
    14 | D        | Killed a bag of meat
    14 | D        | Reached skill level 21 in Dodging
    16 | D        | Noticed a bag of meat
    16 | D        | Killed a bag of meat
    16 | D        | Acquired Makhleb's second power
    16 | D        | Reached skill level 15 in Throwing
    16 | D        | Reached skill level 22 in Dodging
    16 | D        | Reached XP level 16. HP: 74/189 MP: 16/16
    17 | D        | Noticed a bag of meat
    17 | D        | Killed a meat berserker
    17 | D        | Reached skill level 23 in Dodging
    19 | D        | Noticed a meat berserker
    19 | D        | Noticed a large bag of meat
    20 | D        | Killed a large bag of meat
    20 | D        | Acquired Makhleb's third power
    20 | D        | Reached skill level 24 in Dodging
    20 | D        | Reached XP level 17. HP: 180/205 MP: 17/17
    21 | D        | Noticed a bag of meat
    21 | D        | Noticed a meat berserker
    22 | D        | Killed a bag of meat
    23 | D        | Noticed a bag of meat
    23 | D        | Noticed a meat berserker
    23 | D        | Noticed a bag of meat
    23 | D        | Noticed a large bag of meat
    24 | D        | Noticed a large bag of meat
    24 | D        | Killed a meat berserker
    24 | D        | Reached skill level 26 in Dodging
    25 | D        | Noticed a meat berserker
    25 | D        | Noticed a meat berserker
    25 | D        | Killed a meat berserker
    25 | D        | Acquired Makhleb's fourth power
    25 | D        | Reached skill level 27 in Dodging
    25 | D        | Reached XP level 18. HP: 194/224 MP: 18/18
    26 | D        | Noticed a bag of meat
    26 | D        | Noticed a bag of meat
    26 | D        | Noticed a bag of meat
    26 | D        | Noticed a bag of meat
    26 | D        | Noticed a bag of meat
    26 | D        | Noticed a bag of meat
    26 | D        | Noticed a meat berserker
    26 | D        | Noticed a meat berserker
    26 | D        | Noticed a bag of meat
    27 | D        | Noticed a bag of meat
    27 | D        | Noticed a bag of meat
    27 | D        | Killed a bag of meat
    27 | D        | Killed a bag of meat
    27 | D        | Reached XP level 19. HP: 212/240 MP: 19/19
    28 | D        | Killed a bag of meat
    28 | D        | Acquired Makhleb's fifth power
    28 | D        | Killed a meat berserker
    28 | D        | Reached skill level 27 in Fighting
    28 | D        | Reached skill level 27 in Axes
    28 | D        | Reached skill level 27 in Stealth
    29 | D        | Noticed a bag of meat
    29 | D        | Noticed a bag of meat
    29 | D        | Noticed a bag of meat
    29 | D        | Noticed a bag of meat
    30 | D        | Noticed a bag of meat
    30 | D        | Noticed a bag of meat
    30 | D        | Noticed a bag of meat
    30 | D        | Killed a meat berserker
    30 | D        | Reached skill level 27 in Throwing
    30 | D        | Reached XP level 20. HP: 254/256 MP: 20/20
    30 | D        | Killed a meat berserker
    30 | D        | Killed a bag of meat
    30 | D        | Reached skill level 10 in Armour
    30 | D        | Noticed a large bag of meat
    31 | D        | Noticed an eight-headed meat hydra
    32 | D        | Killed a bag of meat
    32 | D        | Reached skill level 15 in Spellcasting
    32 | D        | Reached skill level 15 in Invocations
    32 | D        | Killed a meat berserker
    32 | D        | Reached skill level 15 in Unarmed Combat
    32 | D        | Reached XP level 21. HP: 265/265 MP: 20/43
    32 | D        | Killed a bag of meat
    32 | D        | Reached skill level 15 in Armour
    33 | D        | Killed a bag of meat
    34 | D        | Killed a bag of meat
    34 | D        | Killed a bag of meat
    34 | D        | Killed a meat berserker
    34 | D        | Reached XP level 22. HP: 275/275 MP: 20/49
    35 | D        | Noticed a sculptor of flesh
    35 | D        | Killed a bag of meat
    35 | D        | Killed a bag of meat
    36 | D        | Noticed a bag of meat
    36 | D        | Killed a bag of meat
    37 | D        | Killed a bag of meat
    37 | D        | Killed a bag of meat
    37 | D        | Killed a bag of meat
    39 | D        | Killed a bag of meat
    39 | D        | Killed a large bag of meat
    39 | D        | Killed a bag of meat
    39 | D        | Killed a bag of meat
    39 | D        | Killed a large bag of meat
    40 | D        | Noticed a bag of meat
    41 | D        | Noticed a sculptor of flesh
    41 | D        | Killed a sculptor of flesh
    42 | D        | Noticed a sculptor of flesh
    42 | D        | Noticed a destroyer
    43 | D        | Noticed a destroyer
    43 | D        | Killed a bag of meat
    44 | D        | Noticed a bag of meat
    44 | D        | Noticed an eight-headed meat hydra
    45 | D        | Noticed a meat berserker
    45 | D        | Killed a nine-headed meat hydra
    45 | D        | Killed a bag of meat
    45 | D        | Killed a sculptor of flesh
    45 | D        | Reached skill level 27 in Spellcasting
    45 | D        | Reached skill level 27 in Invocations
    45 | D        | Reached XP level 23. HP: 284/284 MP: 23/54
    46 | D        | Noticed a meat berserker
    47 | D        | Noticed a bag of meat
    47 | D        | Noticed a meat berserker
    47 | D        | Killed a bag of meat
    47 | D        | Killed a bag of meat
    48 | D        | Noticed a bag of meat
    48 | D        | Noticed a bag of meat
    48 | D        | Noticed a bag of meat
    48 | D        | Annihilated by a sculptor of flesh

Vault maps used:
D:        meatsprint

Action                   |  1- 3 |  4- 6 |  7- 9 | 10-12 | 13-15 | 16-18 | 19-21 | 22-24 || total
-------------------------+-------+-------+-------+-------+-------+-------+-------+-------++-------
Melee: Executioner's axe |     1 |       |       |       |     4 |     6 |     5 |    11 ||    27
